 Dungeon Crawl Stone Soup version 0.27-a0-416-gca2cecf3c0 (webtiles) character file.

Game seed: 15100582006772647023

681 jasper the Jinx (level 7, -1/32 HPs)
             Began as a Spriggan Enchanter on Feb 24, 2021.
             Was a Follower of Nemelex Xobeh.
             Slain by a two-headed ogre
             ... wielding a +0 giant club
              (5 damage)
             ... on level 5 of the Dungeon.
             The game lasted 00:07:58 (5192 turns).

jasper the Jinx (Spriggan Enchanter)                Turns: 5192, Time: 00:07:59

Health: -1/32      AC:  3    Str:  4    XL:     7   Next: 34%
Magic:  9/12       EV: 18    Int: 18    God:    Nemelex Xobeh [*.....]
Gold:   117        SH:  0    Dex: 16    Spells: 3/12 levels left

rFire    . . .     SeeInvis +   a - +1 dagger
rCold    . . .     Faith    .   (shield restricted)
rNeg     . . .     Spirit   .   b - +0 robe
rPois    .         Reflect  .   q - +1 hat
rElec    .         Harm     .   (no cloak)
rCorr    .         Rampage  .   (gloves unavailable)
Will     +....                  (boots unavailable)
Stlth    ++++......             (no amulet)
HPRegen  0.10/turn              (no ring)
MPRegen  0.13/turn              (no ring)

@: very quick
A: very small, unfitting armour, see invisible, speed 3
a: Renounce Religion, Draw Escape, Draw Destruction, Draw Summoning


You were on level 5 of the Dungeon.
You worshipped Nemelex Xobeh.
Nemelex Xobeh was aware of your devotion.
You visited 1 branch of the dungeon, and saw 5 of its levels.

You collected 335 gold pieces.
You spent 218 gold pieces at shops.

Inventory:

Hand Weapons
 a - a +1 dagger (weapon)
Missiles
 e - 163 stones
 h - 20 poisoned darts (quivered)
Armour
 b - a +0 robe (worn)
 q - a +1 hat (worn)
 r - a +0 buckler
Jewellery
 t - a ring of see invisible
Scrolls
 i - 2 scrolls of immolation {unknown}
 j - 2 scrolls of fear {unknown}
 l - 2 scrolls of teleportation {unknown}
 p - a scroll of enchant armour {unknown}
 u - a scroll of amnesia {unknown}
 v - a scroll of fog {unknown}
Potions
 c - a potion of cancellation
 d - a potion of berserk rage
 g - a potion of lignification
 k - 3 potions of mutation
 m - 2 potions of heal wounds
 n - a potion of curing
 o - a potion of invisibility
 s - a potion of brilliance {unknown}
 w - a potion of flight {unknown}


   Skills:
 - Level 1.1 Short Blades
 - Level 2.6 Dodging
 - Level 7.1 Stealth
 - Level 3.0 Spellcasting
 + Level 8.7 Hexes
 - Level 2.1 Ice Magic


You had 3 spell levels left.
You knew the following spells:

 Your Spells              Type           Power        Failure   Level
a - Corona                Hex            37%          1%          1
b - Ensorcelled Hibernat  Hex/Ice        44%          2%          2
c - Confusing Touch       Hex            34%          1%          3
d - Tukima's Dance        Hex            34%          1%          3

Your spell library contained the following spells:

 Spells                   Type           Power        Failure   Level
 Dazzling Flash           Conj/Hex       36%          9%          3


Dungeon Overview and Level Annotations

Branches:
Dungeon (5/15)
 Temple: D:4-7

Altars:
Dithmenos
Elyvilon
Nemelex Xobeh
Qazlal

Shops:
D:5 [


Innate Abilities, Weirdness & Mutations

You are very small and have problems with some larger weapons.
You are too small for most types of armour.
You have supernaturally acute eyesight. (SInv)
You cover ground extremely quickly.


Message History

The phantom barely misses you.
You catch the helpless phantom completely off-guard!
You puncture the phantom!
The phantom is heavily damaged.
The phantom hits you.
The phantom blinks!
You blink.
An orc, an orc wizard and a two-headed ogre come into view.
You take 2 damage, and have 30/32 hp.
You hit the phantom.
The phantom is severely damaged.
You hit the phantom but do no damage.
The phantom is severely damaged.
The phantom closely misses you.
You hit the phantom.
The phantom is severely damaged.
The two-headed ogre shouts in stereo!
The orc wizard shouts!
You hear a shout!
You hit the phantom.
The phantom is severely damaged.
The phantom closely misses you.
An orc comes into view. It is wielding a +0 hand axe.
The orc wizard gestures at itself while chanting.
The orc wizard flickers and vanishes for a moment.
You aren't carrying any items that you can evoke.
An orc comes into view. It is wielding a +0 dagger.
Health restored: 32
Casting: Confusing Touch (safe; 1% risk of failure)
Confirm with . or Enter, or press ? or * to list all spells.
Aiming: Ensorcelled Hibernation (safe; 2% risk of failure)
Press: ? - help, Shift-Dir - straight line, f - two-headed ogre
Aim: a two-headed ogre, wielding two +0 giant clubs (chance to affect: 34%)
The two-headed ogre looks drowsy...
You now have 9/12 mp.
The helpless two-headed ogre fails to defend itself.
You impale the two-headed ogre!!
The two-headed ogre is severely wounded.
The two-headed ogre hits you with a +0 giant club!!
Ouch! That really hurt!
* * * LOW HITPOINT WARNING * * *
The two-headed ogre hits you with a +0 giant club.
You die...
Your body disappears without a glow.

...⌠.⌠...... ....∩..#####.
...⌠.⌠....... .......##### #.#
#.####(....# #.# #.# #.###.#
#.# #.# #.# #.# #.#
#.###############.# #.#
#..........@Oo..#.# #.#
#..###########o##.#
#.####..#..<..)...#.##.##
.....#..#.#.............#
#.##.#..#.##......#O##.##
...#.#..#..'......#o.#.####
...#.#..#.##......#...........
.....#..#...........o########.
..#.......####...............


You could see a two-headed ogre, an orc wizard (invisible) and an orc.

Vanquished Creatures
  Grinder (D:3)
  An ogre (D:5)
  A phantom (D:3)
  A scorpion (D:5)
  An iguana (D:5)
  2 worker ants
  Natasha (twice) (D:2)
  An orc wizard (D:4)
  A hound skeleton (D:4)
  A worker ant zombie (D:5)
  5 adders
  3 dart slugs
  3 leopard geckos
  4 orcs (D:4)
  5 bats
  A giant cockroach (D:1)
  7 goblins
  11 hobgoblins
  2 jackals (D:4)
  2 quokkas
  3 ball pythons
  A frilled lizard (D:2)
  A kobold (D:3)
  A leopard gecko skeleton (D:4)
  A leopard gecko zombie (D:5)
  3 rats (D:1)
65 creatures vanquished.

Notes
Turn   | Place    | Note
-------+----------+-------------------------------------------
     0 | D:1      | jasper the Spriggan Enchanter began the quest for the Orb.
     0 | D:1      | Reached XP level 1. HP: 9/9 MP: 5/5
   450 | D:1      | Reached skill level 5 in Stealth
   527 | D:1      | Reached XP level 2. HP: 13/13 MP: 6/6
   530 | D:1      | Learned a level 2 spell: Ensorcelled Hibernation
  1143 | D:1      | Reached XP level 3. HP: 16/16 MP: 5/8
  1609 | D:2      | Noticed Natasha
  1785 | D:3      | Found a sparkling altar of Nemelex Xobeh.
  2178 | D:3      | Became a worshipper of Nemelex Xobeh the Trickster
  2206 | D:3      | Noticed Grinder
  2212 | D:3      | Learned a level 3 spell: Confusing Touch
  2396 | D:4      | Found a white marble altar of Elyvilon.
  2594 | D:4      | Reached XP level 4. HP: 21/21 MP: 9/9
  2598 | D:4      | Learned a level 3 spell: Tukima's Dance
  2643 | D:4      | Reached skill level 4 in Hexes
  2643 | D:4      | Reached skill level 1 in Ice Magic
  3128 | D:4      | Reached XP level 5. HP: 24/24 MP: 5/10
  3425 | D:5      | Entered Level 5 of the Dungeon
  3429 | D:5      | Reached * piety under Nemelex Xobeh
  3556 | D:5      | Found a stormy altar of Qazlal.
  3567 | D:5      | Found Boriesyff's Antique Armour Shop.
  3574 | D:5      | Bought an embroidered hat for 133 gold pieces
  3574 | D:5      | Bought a buckler for 85 gold pieces
  3586 | D:5      | Reached skill level 5 in Hexes
  3610 | D:5      | Found a shadowy altar of Dithmenos.
  3637 | D:5      | Noticed an ogre
  3646 | D:5      | Killed an ogre
  3647 | D:5      | Reached skill level 6 in Hexes
  3647 | D:5      | Reached XP level 6. HP: 28/28 MP: 8/11
  3834 | D:3      | Killed Grinder
  3835 | D:3      | Reached skill level 7 in Hexes
  3835 | D:3      | Reached XP level 7. HP: 32/32 MP: 9/12
  3919 | D:2      | Received a gift from Nemelex Xobeh
  4094 | D:2      | Killed Natasha
  4095 | D:2      | Reached skill level 8 in Hexes
  4334 | D:2      | Noticed Natasha
  4348 | D:2      | Killed Natasha
  5169 | D:5      | Noticed a two-headed ogre
  5192 | D:5      | Slain by a two-headed ogre

Illustrated notes

Levels and vault maps discovered:
D:1:      onia_arrival_mini_maze_b, layout_loops_ring
D:2:      layout_loops_ring, uniq_natasha
D:3:      layout_rooms, lemuel_crystal_altar, chequers_hall_statues_corner_a,
          uniq_grinder
D:4:      layout_loops_ring, elyvilon_altar_3
D:5:      cheibrodos_quashed, layout_basic, nicolae_dithmenos_shadow_blocks,
          cheibrodos_ashenzari_chains, nicolae_qazlal_eye_of_the_storm,
          temple_hall, enter_ossuary_4, serial_shops, shop, shop_fountains,
          nicolae_shop_statue_plus, kennysheep_mini_moat,
          nicolae_shop_statue_plus, hangedman_abyss_or_decor_jellyfish_corner,
          tgw_kikubaaqudgha

Skill      XL: |  1  2  3  4  5  6  7 |
---------------+----------------------+-----
Stealth        | 5 6 7 |  7.1
Spellcasting   | 3 |  3.0
Hexes          | 4 6 7 8 |  8.7
Ice Magic      | 1 2 |  2.1
Short Blades   | |  1.1
Dodging        | |  2.6

Action                   |  1- 3 |  4- 6 |  7- 9 || total
-------------------------+-------+-------+-------++-------
Melee: Dagger            |    66 |    33 |    33 ||   132
Throw: Stone             |    11 |       |       ||    11
       Dart              |    33 |     1 |       ||    34
 Cast: Corona            |     2 |       |       ||     2
       Ensorcelled Hiber |    20 |     9 |     6 ||    35
       Confusing Touch   |       |     2 |     2 ||     4
  Use: Scroll            |       |       |     7 ||     7
 Stab: Sleeping          |    16 |    17 |     8 ||    41
       Confused          |       |     4 |     3 ||     7
Armor: Robe              |     5 |     2 |     2 ||     9
Dodge: Dodged            |    60 |    11 |    24 ||    95

Table legend: (Time is in decaauts)
 A = Elapsed time spent in this place.
 B = Non-inter-level travel time spent in this place.
 C = Inter-level travel time spent in this place.
 D = Time resting spent in this place.
 E = Time spent auto-exploring this place.
 F = Levels seen in this place.
 G = Mean time per level.
                   A        B        C        D        E       F      G
               +--------+--------+--------+--------+--------+-----+--------+
         Total |   4033 |   3824 |    209 |    693 |   2546 |   5 |  806.6 |
       Dungeon |   4033 |   3824 |    209 |    693 |   2546 |   5 |  806.6 |
               +--------+--------+--------+--------+--------+-----+--------+

Top non-repeatable levels by time:
     D:1: 1340 daAuts
     D:4: 984 daAuts
     D:2: 764 daAuts
     D:3: 663 daAuts
     D:5: 279 daAuts
